 Dungeon Crawl Stone Soup version 0.19-a0-805-g0a78ef0 (webtiles) character file.

314 Ordine the Insei (level 6, 0/43 HPs)
             Began as an Octopode Monk on June 27, 2016.
             Slain by Menkaure (24 damage)
             ... on level 4 of the Dungeon.
             The game lasted 00:10:09 (4522 turns).

Ordine the Insei (Octopode Monk)                    Turns: 4522, Time: 00:10:09

Health: 0/43       AC:  1    Str: 10    XL:     6   Next: 43%
Magic:  6/6        EV: 13    Int: 14    God:
Gold:   122        SH:  0    Dex: 15    Spells: 1 memorised, 3 levels left

rFire  . . .     SeeInvis .       - Unarmed
rCold  . . .     Gourm    .     (no shield)
rNeg   . . .     Faith    .     (helmet restricted)
rPois  .         Spirit   .     (no amulet)
rElec  .         Dismiss  .     l - ring of wizardry
rCorr  .         Reflect  .     (no ring)
SustAt .         Harm     .     (no ring)
MR     .....                    (no ring)
Stlth  ++........               (no ring)
                                (no ring)
                                (no ring)
                                (no ring)

@: confused, not resistant to hostile enchantments, unstealthy
A: almost no armour, amphibious, 8 rings, constrict 8, camouflage 1, gelatinous
body 1
a: no special abilities


You were on level 4 of the Dungeon.
You were very hungry.

You visited 1 branch of the dungeon, and saw 4 of its levels.

You collected 265 gold pieces.
You spent 143 gold pieces at shops.

Inventory:

Armour
 i - a +0 buckler
Jewellery
 l - a ring of wizardry (left tentacle)
Wands
 o - a wand of flame (12/48)
Scrolls
 k - a scroll of amnesia
 t - a scroll of fog
Potions
 c - 2 potions of brilliance
 e - a potion of flight
 f - a potion of magic
Books
 s - a book of Battle

   Spells                             Type                      Level
   a - Infusion                       Charms                       1
   b - Shroud of Golubria             Charms/Translocation         2
   c - Song of Slaying                Charms                       2
   d - Spectral Weapon                Hexes/Charms                 3
   e - Regeneration                   Charms/Necromancy            3
Comestibles
 a - 5 bread rations
 b - 2 slices of pizza
 d - 2 beef jerkies
 h - a meat ration
 p - a royal jelly


   Skills:
 + Level 4.2 Fighting
 - Level 3.0 Dodging
 + Level 5.3 Stealth
 * Level 5.3 Unarmed Combat


You had 3 spell levels left.
You knew the following spells:

 Your Spells              Type           Power        Failure   Level  Hunger
a - Song of Slaying       Chrm           #.......     19%         2    ###....


Dungeon Overview and Level Annotations

Branches:
Dungeon (4/15)
 Temple: D:4-7

Altars:
Xom

Shops:
D:4 *

Annotations:
D:4 Menkaure


Innate Abilities, Weirdness & Mutations

You cannot wear most types of armour.
You are amphibious.
You can wear up to eight rings at the same time.
You can use your tentacles to constrict eight enemies at once.
Your skin changes colour to match your surroundings (Stealth+).
Your rubbery body absorbs attacks. (AC +1)


Message History

It was a potion of ambrosia.
You are confused.
You feel invigorated.
Okay, then.
You feel sick.
You bump into the rock wall.
Menkaure closely misses you.
You see here an uncursed ring of teleportation.
Menkaure hits you!
You tentacle-slap Menkaure. Your squeeze misses Menkaure.
Menkaure is lightly damaged.
You feel sick. Menkaure hits you!
You bump into the rock wall.
Menkaure hits you!
You're too confused to move!
Menkaure hits you!
* * * LOW HITPOINT WARNING * * *
Unknown command.
You feel better.
You feel less invigorated. Menkaure barely misses you.
You are confused.
You feel invigorated. Menkaure hits you!!
Ouch! That really hurt!
You die...

#.#####.# #.# #.# #.#
#.# #.#####.# #.#
#.M.....# #.# #####.#
##.# #.# #.....#
#.####### #.# #.#####
#.......# #^# #.#
##M####.# #.# #.# #@#
#.# #.# ### #.# #.# #.#
#.# ..# #.# #.# #.# #.#
#.# #.# #.# #.# #.# #.#
#.# #.# #.# #.# #.# #.#
#.# ##.###.# #.#
#.##########.###...##.#
#.#
#.....................#
#.#
#....).......###...####


You could see Menkaure.

Vanquished Creatures
  A phantom (D:4)
  A hound (D:4)
  An orc priest (D:3)
  3 gnolls (D:4)
  4 adders
  An ooze (D:2)
  An adder skeleton (D:4)
  2 worms (D:3)
  5 dart slugs
  2 giant geckos
  6 orcs
  3 ball pythons
  8 bats
  3 giant cockroaches
  3 hobgoblins
  A jackal (D:2)
  5 kobolds
  2 quokkas (D:2)
  4 giant newts
  10 goblins
  9 rats
75 creatures vanquished.

Notes
Turn   | Place    | Note
--------------------------------------------------------------
     0 | D:1      | Ordine the Octopode Monk began the quest for the Orb.
     0 | D:1      | Reached XP level 1. HP: 16/16 MP: 1/1
   200 | D:1      | Reached XP level 2. HP: 21/21 MP: 2/2
   649 | D:1      | Reached XP level 3. HP: 25/26 MP: 3/3
  1611 | D:2      | Reached XP level 4. HP: 28/31 MP: 4/4
  2219 | D:3      | Found a shimmering altar of Xom.
  3059 | D:3      | Reached XP level 5. HP: 30/37 MP: 5/5
  3280 | D:4      | Noticed Menkaure
  3295 | D:4      | Found Miczyboe's General Store.
  3304 | D:4      | Bought a potion of flight for 39 gold pieces
  3304 | D:4      | Bought a potion of magic for 104 gold pieces
  3324 | D:4      | Noticed a phantom
  3382 | D:4      | Killed a phantom
  3382 | D:4      | Reached skill level 5 in Unarmed Combat
  3382 | D:4      | Reached XP level 6. HP: 13/43 MP: 6/6
  3635 | D:4      | Reached skill level 5 in Stealth
  4213 | D:4      | Learned a level 2 spell: Song of Slaying
  4522 | D:4      | Slain by Menkaure

Vault maps used:
D:1:      dpeg_arrival_renting
D:2:      minmay_wonky_spiral, first_bread
D:3:      old_standard_altar
D:4:      serial_shops, shop, uniq_menkaure

Skill      XL: |  1  2  3  4  5  6 |
---------------+-------------------+-----
Stealth        | 3 4 5 |  5.3
Unarmed Combat | 4 5 |  5.3
Fighting       | 4 |  4.2
Dodging        | |  3.0

Action                   |  1- 3 |  4- 6 || total
-------------------------+-------+-------++-------
Melee: Unarmed           |    71 |   104 ||   175
       Constrict         |    19 |    20 ||    39
       Tentacles         |    13 |    26 ||    39
       Punch             |     3 |     8 ||    11
Evoke: Wand              |       |     1 ||     1
  Use: Scroll            |     2 |     6 ||     8
       Potion            |       |     7 ||     7
 Stab: Sleeping          |    13 |     8 ||    21
       Distracted        |     2 |     1 ||     3
  Eat: Chunk             |     2 |     7 ||     9
       Fruit             |       |     1 ||     1
Armor: Skin              |     8 |     5 ||    13
Dodge: Dodged            |    40 |    38 ||    78
